 Dungeon Crawl Stone Soup version 0.30-a0-672-gc3a7216ad8 (webtiles) character file.

Game seed: 2232517653258334411

105 lunkers the Chopper (level 5, -3/45 HPs)
             Began as a Meteoran Berserker on Jan 18, 2023.
             Was a Believer of Trog.
             Slain by a gnoll
             ... wielding a +0 halberd
              (8 damage)
             ... on level 3 of the Dungeon.
             The game lasted 00:01:44 (1244 turns).

lunkers the Chopper (Meteoran Berserker)            Turns: 1244, Time: 00:01:45

Health: -3/45      AC:  8    Str: 20    XL:     5   Next: 30%
Magic:  6/6        EV:  8    Int:  8    God:    Trog [**....]
Gold:   85         SH:  0    Dex: 14    Spells: 4/4 levels left

rFire   . . .      SeeInvis .    a - +0 hand axe
rCold   . . .      Faith    .    (no shield)
rNeg    . . .      Spirit   .    g - +0 chain mail
rPois   .          Reflect  .    (no helmet)
rElec   .          Harm     .    (no cloak)
rCorr   .          Rampage  .    (no gloves)
Will    ++...                    (no boots) Stlth
                                 (no amulet)
HPRegen 1.27/turn                l - ring of flight
MPRegen 0.10/turn                (no ring)

@: lethally poisoned (-3 -> -4), strong-willed, on berserk cooldown, flying,
regenerating, slowed, glowing, very slow
A: sense surroundings 1, otherworldly, glowing, explore regen
a: Renounce Religion, Berserk, Trog's Hand


You were on level 3 of the Dungeon.
You worshipped Trog.
Trog was pleased with you.
You visited 1 branch of the dungeon, and saw 3 of its levels.

You collected 85 gold pieces.

Inventory:

Hand Weapons
 a - a +0 hand axe (weapon)
Armour
 b - a +0 animal skin
 g - a +0 chain mail (worn)
Jewellery
 l - a ring of flight (left hand)
Scrolls
 c - a scroll of amnesia {unknown}
 d - a scroll of teleportation {unknown}
 e - a scroll of identify {unknown}
 h - a scroll of silence {unknown}
 j - 2 scrolls of vulnerability {unknown}
 m - a scroll of fog {unknown}
 o - a scroll of magic mapping {unknown}
 p - a scroll of enchant armour {unknown}
 r - a scroll of blinking {unknown}
Potions
 f - a potion of mutation {unknown}
 i - a potion of curing {unknown}
 k - a potion of brilliance {unknown}
 n - a potion of cancellation {unknown}
 q - a potion of heal wounds {unknown}


   Skills:
 - Level 3.2 Fighting
 + Level 6.5 Axes
 - Level 2.4 Armour
 - Level 2.4 Dodging


You had 4 spell levels left.
You didn't know any spells.
Your spell library was empty.

Dungeon Overview and Level Annotations

Branches:
Dungeon (3/15) Zot: 553

Altars:
Cheibriados


Innate Abilities, Weirdness & Mutations

You passively map a small area around you.
You are easily found by Zot.
You glow in the dark.
You regain HP and MP as you explore.


Message History

Trog accepts your kill. The white imp gestures at you.
The puff of frost hits you.
* * * LOW HITPOINT WARNING * * *
The gnoll barely misses you.
A frilled lizard comes into view.
The frilled lizard hisses angrily.
The white imp hits you but does no damage.
The gnoll barely misses you.
Things that are here:
a +0 spear; a gnoll corpse You closely miss the gnoll.
You slash the white imp! You slash the gnoll!
The gnoll is severely wounded.
You hit the white imp.
You kill the white imp!
Trog accepts your kill.
You are no longer berserk.
You are exhausted.
You feel yourself slow down. The gnoll hits you with a +0 halberd!
* * * LOW HITPOINT WARNING * * *
Your skin crawls.
You feel strong-willed. The adder bites you but does no damage.
The gnoll closely misses you. The adder bites you.
* * * LOW HITPOINT WARNING * * *
The gnoll closely misses you.
Unknown command.
You hit the gnoll. Your punch misses the gnoll.
The gnoll is almost dead.
You closely miss the adder. The adder bites you but does no damage.
The gnoll hits you but does no damage. The adder closely misses you.
Unknown command.
You barely miss the gnoll.
The gnoll is almost dead.
You hit the adder but do no damage. The adder bites you.
* * * LOW HITPOINT WARNING * * *
You are poisoned.
The adder poisons you! The gnoll hits you with a +0 halberd!
You die...

### #######.. *
**###########........
, #..................
,#..................
, #..).............##
,###.#...........###
, ,
*#@)############### *
, #gS##* * , .....
...l., * , ..... ,*
#....... , .....
,#........,** ..... ,
, * #......... .....
#.........# .....
#.........# , ..... *
,,.....


You could see a gnoll, an adder and a frilled lizard.

Vanquished Creatures
  3 gnolls (D:3)
  3 adders
  A white imp (D:3)
  A worm (D:2)
  3 dart slugs
  An orc (D:3)
  4 endoplasms
  5 hobgoblins
  A quokka (D:3)
  2 ball pythons
  2 bats (D:2)
  2 frilled lizards
  4 goblins
  2 kobolds (D:1)
  2 rats
36 creatures vanquished.

Vanquished Creatures (others)
  2 plants (D:2)
2 creatures vanquished.

Grand Total: 38 creatures vanquished

Notes
Turn   | Place    | Note
-------+----------+-------------------------------------------
     0 | D:1      | lunkers the Meteoran Berserker began the quest for the Orb.
     0 | D:1      | Reached XP level 1. HP: 19/19 MP: 2/2
    81 | D:1      | Reached skill level 4 in Axes
    81 | D:1      | Reached XP level 2. HP: 20/26 MP: 3/3
   189 | D:1      | Found Zeeprimn's Distillery.
   490 | D:2      | Reached XP level 3. HP: 31/31 MP: 4/4
   517 | D:2      | Reached skill level 5 in Axes
   581 | D:2      | Identified the +1 robe "Liriv" {Fly Str+4}
   894 | D:2      | Found a snail-covered altar of Cheibriados.
   902 | D:2      | Reached XP level 4. HP: 38/38 MP: 5/5
   988 | D:3      | Reached ** piety under Trog
  1235 | D:3      | Reached skill level 6 in Axes
  1238 | D:3      | Reached XP level 5. HP: 17/45 MP: 6/6
  1244 | D:3      | Slain by a gnoll

Illustrated notes

Levels and vault maps discovered:
D:1:      lemuel_arrival_hallway, layout_rooms, serial_shops, shop
D:2:      layout_loops_corners, basic_altar, serial_bayou_ford_a
D:3:      layout_basic, roderic_roman_lattice

Skill      XL: |  1  2  3  4 |
---------------+-------------+-----
Axes           | 4 5 6 |  6.5
Fighting       | |  3.2
Armour         | |  2.4
Dodging        | |  2.4

Action                   |  1- 3 |  4- 6 || total
-------------------------+-------+-------++-------
Melee: Hand axe          |    78 |    54 ||   132
Invok: Berserk           |       |     1 ||     1
       Trog's Hand       |       |     1 ||     1
Armor: Animal skin       |     5 |       ||     5
       Chain mail        |    28 |    30 ||    58
Dodge: Dodged            |    38 |    30 ||    68

Table legend: (Time is in decaauts)
 A = Elapsed time spent in this place.
 B = Non-inter-level travel time spent in this place.
 C = Inter-level travel time spent in this place.
 D = Time resting spent in this place.
 E = Time spent auto-exploring this place.
 F = Levels seen in this place.
 G = Mean time per level.
                   A        B        C        D        E       F      G
               +--------+--------+--------+--------+--------+-----+--------+
         Total |   1245 |   1245 |      0 |      0 |    965 |   3 |  415.0 |
       Dungeon |   1245 |   1245 |      0 |      0 |    965 |   3 |  415.0 |
               +--------+--------+--------+--------+--------+-----+--------+

Top non-repeatable levels by time:
     D:2: 612 daAuts
     D:1: 321 daAuts
     D:3: 311 daAuts
